Map: Blueshift LE

Players

llIllllIllll - Winner!

  • Race: Protoss Protoss
  • League: Master
  • Spawn Location: 1:00

dirtyplayer

  • Race: Zerg Zerg
  • League: Diamond
  • Spawn Location: 7:00

VOD

Have the link to the VOD?

Description

Time

  • Played on: Jan. 21, 2019, 8:34 p.m.
  • Length: 7:02
Show
View Real Time Build Order
Export as new Build Order

llIllllIllll Protoss - Winner!

Build Orders: Dark Templar Rush 

Get SALT Encoding   

  12  0:01  Probe  
  13  0:13  Probe  
  14  0:24  Pylon  
  14  0:30  Pylon  
  14  0:32  Probe  
  15  0:38  Assimilator  
  15  0:48  Probe  
  16  0:53  Forge  
  16  1:01  Probe, Gateway  
  17  1:09  Probe  
  17  1:18  Probe  
  19  1:33  Probe  
  20  1:43  Pylon  
  20  1:46  Pylon  
  20  1:47  Pylon, Probe  
  21  1:59  Probe  
  22  2:02  Photon Cannon  
  22  2:03  Photon Cannon  
  22  2:07  Photon Cannon  
  22  2:17  Cybernetics Core  
  22  2:24  Pylon  
  22  2:36  Photon Cannon  
  22  2:43  Photon Cannon  
  22  2:44  Warp Gate  
  22  2:51  Assimilator  
  22  3:07  Photon Cannon  
  22  3:12  Twilight Council  
  22  3:24  Pylon  
  21  3:52  Dark Shrine  
  21  3:53  Gateway  
  21  3:54  Probe  
  22  3:55  Gateway  
  22  4:01  Pylon  
  22  4:06  Probe  
  23  4:22  Gateway  
  23  4:29  Photon Cannon  
  23  4:47  Pylon  
  23  5:03  Photon Cannon  
  23  5:04  Dark Templar  
  23  5:05  Dark Templar x2  
  29  5:23  Dark Templar  
  31  5:37  Dark Templar  
  31  5:57  Dark Templar  
  31  6:03  Stalker x2  
  37  6:20  Stalker  
Show
View Real Time Build Order
Export as new Build Order

dirtyplayer Zerg 

Build Orders: Hatch First 

Get SALT Encoding   

  12  0:01  Drone  
  13  0:13  Overlord  
  13  0:17  Drone  
  14  0:31  Drone x2  
  14  0:35  Drone  
  17  0:55  Drone  
  17  0:56  Hatchery  
  17  0:58  Extractor  
  16  1:11  Spawning Pool  
  16  1:15  Drone  
  16  1:17  Drone  
  17  1:22  Drone  
  18  1:28  Drone  
  19  1:39  Drone  
  20  1:49  Overlord  
  20  2:13  Zergling x4  
  22  2:20  Spine Crawler  
  21  2:23  Drone x2  
  23  2:38  Spine Crawler  
  23  2:40  Spine Crawler, Drone x2  
  23  2:45  Zergling x6  
  26  3:02  Zergling x6  
  24  3:29  Queen  
  24  3:32  Metabolic Boost  
  23  3:37  Roach Warren  
  21  3:48  Drone x2  
  21  3:49  Drone  
  24  4:07  Hatchery  
  23  4:28  Roach x3  
  29  4:42  Drone  
  29  4:43  Overlord  
  29  4:44  Overlord  
  30  4:50  Hatchery  
  29  4:55  Drone  
  30  5:05  Spore Crawler  
  29  5:11  Spore Crawler  
  29  5:12  Roach x3  
  29  5:13  Roach  
  21  5:48  Drone x2  
Tags
 
Add a new tag
Caveats
  • Supply blocks, unpowered buildings, or Contaminate may cause inaccurate times.
  • Supply counts are checked every 10 seconds.